Map: Oceanborn LE

Players

Subwayeatn - Winner!

  • Race: Zerg Zerg
  • League: Platinum
  • Spawn Location: 5:00

NightAliens

  • Race: Zerg Zerg
  • League: Platinum
  • Spawn Location: 11:00

VOD

Have the link to the VOD?

Description

Time

  • Played on: Oct. 31, 2023, 6:01 p.m.
  • Length: 3:38
Show
View Real Time Build Order
Export as new Build Order

Subwayeatn Zerg - Winner!

Build Orders: Pool First 

Get SALT Encoding   

  12  0:03  Drone  
  13  0:09  Drone  
  13  0:12  Extractor  
  13  0:28  Spawning Pool  
  12  0:59  Hatchery  
  11  1:15  Queen  
  13  1:30  Metabolic Boost  
  13  1:38  Overlord  
  13  1:48  Zergling x2  
  14  1:57  Zergling x2  
  14  1:58  Zergling x2  
  16  2:02  Zergling x2  
  17  2:12  Queen  
  19  2:17  Zergling x2  
  20  2:29  Zergling x6  
  23  2:56  Zergling x10  
Show
View Real Time Build Order
Export as new Build Order

NightAliens Zerg 

Build Orders: Pool First 

Get SALT Encoding   

  12  0:08  Drone  
  12  0:13  Overlord  
  13  0:19  Drone  
  14  0:25  Extractor  
  14  0:26  Drone  
  14  0:38  Drone  
  15  0:51  Drone  
  15  0:56  Drone, Spawning Pool  
  16  1:03  Drone  
  17  1:14  Drone  
  18  1:38  Drone x2  
  20  1:43  Hatchery  
  19  1:50  Queen  
  21  1:56  Metabolic Boost  
  21  2:03  Overlord  
  21  2:10  Overlord  
  21  2:14  Zergling x2  
  22  2:32  Zergling x4  
  24  2:41  Zergling x2  
  24  3:10  Zergling x8  
Tags
 
Add a new tag
Caveats
  • Supply blocks, unpowered buildings, or Contaminate may cause inaccurate times.
  • Supply counts are checked every 10 seconds.